 Dungeon Sprint DCSS version 0.32-a0-401-g0bcb2a7693 (webtiles) character file.

Game seed: 17151514044217449556

4840 Conn the Sage (level 10, -7/56 HPs)
             Began as an Octopode Fire Elementalist on Feb 20, 2024.
             Was a High Priest of Sif Muna.
             Mangled by a spriggan rider
             ... wielding a +0 spear
              (22 damage)
             ... in the Dungeon (Sprint V: "Ziggurat Sprint").
             The game lasted 00:16:05 (701 turns).

Conn the Sage (Octopode Fire Elementalist)           Turns: 701, Time: 00:16:05

Health: -7/56      AC:  1    Str: 19    XL:     10   Next: 49%
Magic:  9/27       EV: 21    Int: 46    God:    Sif Muna [*****.]
Gold:   0          SH:  0    Dex: 25    Spells: 4/24 levels left

rFire   + . .        z - +6 Majin-Bo {spellvamp, MP+6 Int+6}
rCold   + . .        (no shield)
rNeg    . . .        (helmet restricted)
rPois   .            H - amulet of Ephemeral Luck {Regen+ Slay+4}
rElec   .            t - +6 ring of dexterity
rCorr   .            u - +6 ring of dexterity
SInv    +            v - +6 ring of intelligence
Will    +....        w - +6 ring of intelligence
Stlth   ++++++       x - +6 ring of strength
HPRegen 1.09/turn    y - +6 ring of strength
MPRegen 0.20/turn    q - ring of Ireokhlanae {rF+ rC+ SInv}
                     I - ring "Ewiludgh" {Will+ Int+6 Slay+2}

%: no teleportation
@: channelling
A: almost no armour, amphibious, 8 rings, camouflage 1, gelatinous body 1,
(nimble swimmer 1), tentacles
a: Renounce Religion, Channel Magic, Forget Spell, Divine Exegesis


You were in the Dungeon.
You worshipped Sif Muna.
Sif Muna was extremely pleased with you.
You visited 1 branch

Inventory:

Hand Weapons
 z - the +6 Majin-Bo (weapon) {spellvamp, MP+6 Int+6}
   (You found it in the Dungeon)

   Int+6:     It affects your intelligence (+6).
   MP+6:      It affects your magic capacity (+6).
 A - the +27 heavy crossbow "Sniper" {heavy, Acc+∞ SInv}
   (You found it in the Dungeon)

   Acc+∞: It never misses its target.
   SInv:      It lets you see invisible.
 C - the +11 Singing Sword {sonic wave}
   (You found it in the Dungeon)
 D - the +7 great mace "Firestarter" {flame, immolate, rFlCloud rF++}
   (You found it in the Dungeon)

   rFlCloud:  It grants immunity to clouds of flame.
   rF++:      It greatly protects you from fire.
 E - the +8 lance "Wyrmbane" {slay drac, rPois rF+ rC+ AC+3}
   (You found it in the Dungeon)

   AC+3:      It affects your AC (+3).
   rF+:       It protects you from fire.
   rC+:       It protects you from cold.
   rPois:     It protects you from poison
 G - the +10 sling "Zeajum" {heavy, +Blink rPois rCorr Dex+4}
   (You found it in the Dungeon)

   Dex+4:     It affects your dexterity (+4).
   rPois:     It protects you from poison +Blink: It lets you blink.
   rCorr:     It protects you from acid and corrosion.
Armour
 B - the +18 shield of the Gong {Loud rN+ Will+ rCorr EV-5}
   (You found it in the Dungeon)

   Loud:      It is deafeningly noisy when blocking attacks.
   EV-5:      It affects your evasion (-5).
   rN+:       It protects you from negative energy.
   Will+:     It increases your willpower.
   rCorr:     It protects you from acid and corrosion.
Magical Staves
 F - a staff of conjuration
Jewellery
 q - the ring of Ireokhlanae (on tentacle) {rF+ rC+ SInv}
   (You found it in the Dungeon)

   [ring of see invisible]

   rF+:       It protects you from fire.
   rC+:       It protects you from cold.
   SInv:      It lets you see invisible.
 s - a ring of flight
 t - a +6 ring of dexterity (left tentacle)
 u - a +6 ring of dexterity (right tentacle)
 v - a +6 ring of intelligence (on tentacle)
 w - a +6 ring of intelligence (on tentacle)
 x - a +6 ring of strength (on tentacle)
 y - a +6 ring of strength (on tentacle)
 H - the amulet of Ephemeral Luck (around mantle) {Regen+ Slay+4}
   (You found it in the Dungeon)

   [amulet of regeneration]

   Slay+4:    It affects your accuracy & damage with ranged weapons and melee
   (+4).
   Regen+:    It increases your rate of health regeneration.
 I - the ring "Ewiludgh" (on tentacle) {Will+ Int+6 Slay+2}
   (You found it in the Dungeon)

   [ring of intelligence]

   Int+6:     It affects your intelligence (+6).
   Slay+2:    It affects your accuracy & damage with ranged weapons and melee
   (+2).
   Will+:     It increases your willpower.
 K - the necklace of Bloodlust {Fury *Rage Will++ Int-3 Slay+6}
   (You found it in the Dungeon)

   [amulet of nothing]

   Fury:      It extends the wearer's berserk rage when killing foes.
   Int-3:     It affects your intelligence (-3).
   Slay+6:    It affects your accuracy & damage with ranged weapons and melee
   (+6).
   Will++:    It greatly increases your willpower.
   *Rage:     It berserks you when you make melee attacks (+50% chance).
Wands
 p - a wand of mindburst (3)
 r - a wand of acid (12)
 J - a wand of polymorph (5)
 L - a wand of paralysis (3)
Scrolls
 f - 2 scrolls of blinking
 g - 4 scrolls of amnesia
 h - 7 scrolls of fog
 i - 5 scrolls of identify
Potions
 a - 7 potions of magic
 b - 10 potions of curing
 c - 7 potions of heal wounds
 d - 5 potions of haste
 e - 3 potions of berserk rage
 k - 2 potions of brilliance
 l - a potion of invisibility
 m - 3 potions of resistance
 n - a potion of experience
 o - 5 potions of might


   Skills:
 + Level 8.7 Dodging
 - Level 10.6 Stealth
 * Level 11.5 Shields
 + Level 7.7 Spellcasting
 + Level 8.2 Conjurations
 + Level 3.4 Hexes
 + Level 3.4 Translocations
 + Level 8.8 Fire Magic
 * Level 12.5 Invocations


You had 4 spell levels left.
You knew the following spells:

 Your Spells              Type           Power      Damage    Failure   Level
a - Foxfire               Conj/Fire      100%       2x1d9     1%          1
b - Scorch                Fire           100%       2d9       1%          2
c - Inner Flame           Hex/Fire       65%        N/A       1%          3
d - Flame Wave            Conj/Fire      77%        2d17      1%          4
e - Iskenderun's Mystic   Conj/Tloc      64%        2d13      1%          4
f - Starburst             Conj/Fire      38%        6d11      7%          6

Your spell library contained the following spells:

 Spells                   Type           Power      Damage    Failure   Level
 Shock                    Conj/Air       100%       1d9       1%          1
 Ensorcelled Hibernation  Hex/Ice        66%        N/A       1%          2
 Gell's Gravitas          Tloc           49%        N/A       1%          3
 Teleport Other           Tloc           49%        N/A       1%          3
 Tukima's Dance           Hex            49%        N/A       1%          3
 Volatile Blastmotes      Fire/Tloc      100%       2d18      1%          3
 Cigotuvi's Dreadful Rot  Necr/Alch/Air  34%        N/A       2%          2
 Brom's Barrelling Bould  Conj/Erth      54%        2d7       2%          4
 Dimensional Bullseye     Hex/Tloc       24%        N/A       3%          4
 Fugue of the Fallen      Necr           17%        N/A       4%          3
 Anguish                  Hex/Necr       16%        N/A       8%          4
 Dispel Undead            Necr           17%        3d10      14%         4
 Leda's Liquefaction      Alch/Erth      8%         N/A       14%         4
 Martyr's Knell           Necr/Summ      17%        N/A       14%         4
 Lee's Rapid Deconstruct  Erth           8%         3d7*      38%         5
 Bombard                  Conj/Erth      27%        9d5       38%         6
 Dispersal                Tloc           24%        N/A       50%         6
 Death Channel            Necr           8%         N/A       92%         6


Dungeon Overview and Level Annotations

Branches:
Dungeon (1/1)

Altars:
Ashenzari
Cheibriados
Dithmenos
Elyvilon
Fedhas
Gozag
Hepliaklqana
Kikubaaqudgha
Makhleb
Nemelex Xobeh
Okawaru
Qazlal
Ru
Sif Muna
Trog
Uskayaw
Vehumet
Wu Jian
Xom
Yredelemnul
Zin
The Shining One
Beogh
Jiyva
Lugonu


Innate Abilities, Weirdness & Mutations

You cannot wear most types of armour.
You are amphibious.
You can wear up to eight rings at the same time.
Your skin changes colour to match your surroundings (Stealth+).
Your rubbery body absorbs attacks. (AC +1, EV +1)
((You are camouflaged when in or above water. (Stealth+)))
You have tentacles for arms and can constrict up to eight enemies at once.


Message History

Sif Muna accepts your kill.
The mystic blast hits the wolf!!
You kill the wolf!
Sif Muna accepts your kill.
The spriggan rider hits you from afar with a +0 spear!!
Ouch! That really hurt!
Your Hexes skill increases to level 3!
Your Translocations skill increases to level 3!
Casting: Iskenderun's Mystic Blast (dangerous; 1% risk of failure)
Confirm with . or Enter, or press ? or * to list all spells.
Okay, then.
Unknown command.
Aiming: Polymorph
Press: ? - help, Shift-Dir - straight line, f - spriggan rider
Aim: a spriggan rider, wielding a +0 spear (moderately wounded, will become a wind drake, an eye of devastation, or a glowing orange brain, chance to affect: 1%)
Okay, then.
Unknown command.
Unknown command.
Okay, then.
Okay, then.
Unknown command.
Aiming: Paralyse
Press: ? - help, Shift-Dir - straight line, f - spriggan rider
Aim: a spriggan rider, wielding a +0 spear (moderately wounded, chance to affect: 1%)
Okay, then.
Unknown command.
Unknown command.
Unknown command.
Unknown command.
The spriggan rider hits you from afar with a +0 spear!
* * * LOW HITPOINT WARNING * * *
Casting: Iskenderun's Mystic Blast (dangerous; 1% risk of failure)
Confirm with . or Enter, or press ? or * to list all spells.
Okay, then.
Unknown command.
As you read the scroll of fear, it crumbles to dust.
You assume a fearsome visage.
The spriggan rider resists with some effort.
The spriggan rider hits you from afar with a +0 spear!!
You die...

▓..ß©ß..▓
▓..||))...▓....=..▓
▓...)/=...▓....[..▓
▓.........▓.......▓
▓.........▓.......▓
▓.........▓.......▓
▓.)i§☼☼...▓.......▓
▓.▓.§§§.▓.▓.▓...▓.▓
▓...@§§)..▓...©...▓
▓▓▓▓▓▓▓▓▓▓▓▓▓▓▓▓▓▓▓
▓..ß©ß..▓ ▓....|..▓
▓....)..▓ ▓.......▓
▓.......▓ ▓.......▓
▓.......▓


You could see a spriggan rider.

Vanquished Creatures
  A spriggan druid (D)
  4 draconians (D)
  An eye of devastation (D)
  A rime drake (D)
  3 ice devils (D)
  A polar bear (D)
  A glass eye (D)
  2 slime creatures (D)
  2 spriggans (D)
  A water moccasin (D)
  3 wolves (D)
  2 wights (D)
  2 orc priests (D)
  2 adders (D)
  2 white imps (D)
  An orc (D)
  A bat skeleton (D)
  2 endoplasms (D)
  2 ball pythons (D)
  A ball python skeleton (D)
  A bat simulacrum (D)
36 creatures vanquished.

Vanquished Creatures (others)
  16 foxfires (D)
16 creatures vanquished.

Grand Total: 52 creatures vanquished

Notes
Turn   | Place    | Note
-------+----------+-------------------------------------------
     0 | D        | Conn the Octopode Fire Elementalist began the quest for the
                  | Orb.
     0 | D        | Reached XP level 1. HP: 11/11 MP: 3/3
     2 | D        | Found a blossoming altar of Fedhas.
     2 | D        | Found the +6 Majin-Bo {spellvamp, MP+6 Int+6}
     2 | D        | Found the +27 heavy crossbow "Sniper" {heavy, Acc+∞ SInv}
     2 | D        | Found the +10 dark maul {heavy}
     2 | D        | Found the +15 Maxwell's patent armour {-Cast -Tele rElec
                  | Will+ rCorr}
     2 | D        | Found the +18 shield of the Gong {Loud rN+ Will+ rCorr
                  | EV-5}
     2 | D        | Found the +16 obsidian axe {drain, demonic, Mesm ^Drain Fly
                  | SInv}
     2 | D        | Found the +7 great mace "Firestarter" {flame, immolate,
                  | rFlCloud rF++}
     2 | D        | Found the +6 shillelagh "Devastator" {shatter}
     2 | D        | Found the +11 plutonium sword {^Contam Stlth-}
     2 | D        | Found the +8 lance "Wyrmbane" {slay drac, rPois rF+ rC+
                  | AC+3}
     2 | D        | Found the +9 sword of Zonguldrok {reap}
     2 | D        | Found the +13 scythe of Curses {drain, curses, ^Drain}
     2 | D        | Found the +9 sword of Power {lifebolt}
     2 | D        | Found the +7 mace of Variability {chaos, chaos arc}
     2 | D        | Found the +11 Singing Sword {sonic wave}
     2 | D        | Found the +8 storm bow {elec, penet}
     3 | D        | Found a viscous altar of Jiyva.
     3 | D        | Found a hazy altar of Hepliaklqana.
     3 | D        | Found a transporter.
     3 | D        | Found an opulent altar of Gozag.
     3 | D        | Found an ancient bone altar of Kikubaaqudgha.
     3 | D        | Found a corrupted altar of Lugonu.
    14 | D        | Found a burning altar of Makhleb.
    15 | D        | Found a sacrificial altar of Ru.
    15 | D        | Found a shimmering blue altar of Sif Muna.
    15 | D        | Found a stormy altar of Qazlal.
    15 | D        | Found a bloodstained altar of Trog.
    15 | D        | Found an iron altar of Okawaru.
    15 | D        | Found a sparkling altar of Nemelex Xobeh.
    50 | D        | Became a worshipper of Sif Muna the Loreminder
    70 | D        | Entered arena 2.
    70 | D        | Found a transporter.
    77 | D        | Reached skill level 1 in Shields
    77 | D        | Reached skill level 1 in Invocations
    77 | D        | Reached XP level 2. HP: 17/17 MP: 1/5
    80 | D        | Reached * piety under Sif Muna
    81 | D        | Reached skill level 2 in Invocations
    89 | D        | Learned a level 2 spell: Scorch
   128 | D        | Entered arena 3.
   128 | D        | Found a transporter.
   130 | D        | Reached skill level 3 in Invocations
   130 | D        | Reached XP level 3. HP: 21/21 MP: 7/7
   134 | D        | Reached XP level 4. HP: 12/27 MP: 2/8
   202 | D        | Learned a level 3 spell: Inner Flame
   202 | D        | Entered arena 4.
   202 | D        | Found a transporter.
   205 | D        | Reached ** piety under Sif Muna
   206 | D        | Reached skill level 5 in Stealth
   206 | D        | Reached skill level 5 in Shields
   206 | D        | Reached skill level 5 in Invocations
   206 | D        | Reached XP level 5. HP: 31/31 MP: 2/10
   215 | D        | Got the +10 sling "Zeajum" {heavy, +Blink rPois rCorr
                  | Dex+4}
   233 | D        | Learned a level 4 spell: Flame Wave
   277 | D        | Entered arena 5.
   277 | D        | Noticed a draconian
   277 | D        | Noticed a draconian
   277 | D        | Noticed a draconian
   277 | D        | Noticed a draconian
   277 | D        | Found a transporter.
   297 | D        | Killed a draconian
   297 | D        | Reached *** piety under Sif Muna
   297 | D        | Killed a draconian
   298 | D        | Reached skill level 5 in Spellcasting
   298 | D        | Reached skill level 5 in Conjurations
   298 | D        | Reached skill level 8 in Invocations
   298 | D        | Reached XP level 6. HP: 26/36 MP: 4/14
   298 | D        | Reached XP level 7. HP: 29/41 MP: 4/15
   298 | D        | Reached XP level 8. HP: 33/46 MP: 4/16
   301 | D        | Killed a draconian
   301 | D        | Killed a draconian
   301 | D        | Reached **** piety under Sif Muna
   302 | D        | Reached skill level 10 in Invocations
   302 | D        | Reached XP level 9. HP: 37/51 MP: 3/18
   408 | D        | Entered arena 6.
   408 | D        | Found a transporter.
   413 | D        | Reached ***** piety under Sif Muna
   419 | D        | Got the ring of Ireokhlanae {rF+ rC+ SInv}
   423 | D        | Got the amulet of Ephemeral Luck {Regen+ Slay+4}
   474 | D        | Entered arena 7.
   474 | D        | Noticed an eye of devastation
   475 | D        | Found a transporter.
   487 | D        | Reached skill level 10 in Stealth
   489 | D        | Killed an eye of devastation
   490 | D        | Reached skill level 10 in Shields
   490 | D        | Reached skill level 11 in Invocations
   500 | D        | Got the ring "Ewiludgh" {Will+ Int+6 Slay+2}
   514 | D        | Learned a level 4 spell: Iskenderun's Mystic Blast
   530 | D        | Entered arena 8.
   530 | D        | Found the necklace of Bloodlust {Fury *Rage Will++ Int-3
                  | Slay+6}
   530 | D        | Noticed a polar bear
   530 | D        | Noticed an ice devil
   530 | D        | Noticed an ice devil
   530 | D        | Noticed a rime drake
   530 | D        | Noticed an ice devil
   535 | D        | Killed an ice devil
   535 | D        | Killed a rime drake
   535 | D        | Received a gift from Sif Muna
   536 | D        | Reached skill level 1 in Hexes
   536 | D        | Reached skill level 1 in Translocations
   537 | D        | Killed an ice devil
   537 | D        | Killed a polar bear
   538 | D        | Reached XP level 10. HP: 49/56 MP: 8/20
   544 | D        | Got Sif Muna's Book of the Volley {god gift}
   552 | D        | Learned a level 6 spell: Starburst
   552 | D        | Found a transporter.
   691 | D        | Entered arena 9.
   691 | D        | Noticed a spriggan rider
   691 | D        | Noticed a spriggan druid
   695 | D        | Reached skill level 12 in Invocations
   698 | D        | Received a gift from Sif Muna
   699 | D        | Killed a spriggan druid
   701 | D        | Mangled by a spriggan rider

Illustrated notes

Levels and vault maps discovered:
D:        sprint_v [room_start, room_1, room_2, room_3, room_4, room_5, room_6,
          room_7, room_8, room_9, room_10, room_11, room_12, room_13, room_14,
          room_15, room_16, room_17, room_18, room_19, room_20, room_21,
          room_22, room_23, room_24, room_25, room_26, room_27]

Skill      XL: |  1  2  3  4  5  6  7  8  9 10 |
---------------+-------------------------------+-----
Stealth        | 3 4 5 8 9 10 | 10.6
Shields        | 1 3 5 8 9 10 11 | 11.5
Invocations    | 1 3 5 8 10 11 12 | 12.5
Dodging        | 3 4 6 7 8 |  8.7
Conjurations   | 2 3 5 6 7 8 |  8.2
Spellcasting   | 3 5 6 7 |  7.7
Fire Magic     | 4 6 7 8 |  8.8
Hexes          | 2 3 |  3.4
Translocations | 2 3 |  3.4

Action                     |  1- 3 |  4- 6 |  7- 9 | 10-12 || total
---------------------------+-------+-------+-------+-------++-------
   Fire: Heavy crossbow    |       |     1 |       |     1 ||     2
   Cast: Foxfire           |     5 |     1 |     4 |       ||    10
         Scorch            |     1 |     3 |     2 |     1 ||     7
         Inner Flame       |       |     2 |     3 |     1 ||     6
         Flame Wave        |       |     1 |     5 |     2 ||     8
         Iskenderun's Myst |       |       |       |     3 ||     3
         Starburst         |       |       |       |     1 ||     1
 Invoke: Channel Magic     |       |       |     1 |     1 ||     2
  Evoke: Wand              |     5 |     8 |     3 |       ||    16
    Use: Potion            |     1 |     3 |     3 |       ||     7
         Scroll            |     1 |     2 |       |     1 ||     4
 Armour: Skin              |     2 |     3 |     5 |     8 ||    18
  Dodge: Dodged            |       |     5 |     7 |     4 ||    16

Table legend: (Time is in decaauts)
 A = Elapsed time spent in this place.
 B = Non-inter-level travel time spent in this place.
 C = Inter-level travel time spent in this place.
 D = Time resting spent in this place.
 E = Time spent auto-exploring this place.
 F = Levels seen in this place.
 G = Mean time per level.
                   A        B        C        D        E       F      G
               +--------+--------+--------+--------+--------+-----+--------+
         Total |    686 |    686 |      0 |    370 |      0 |   1 |  686.0 |
       Dungeon |    686 |    686 |      0 |    370 |      0 |   1 |  686.0 |
               +--------+--------+--------+--------+--------+-----+--------+

Top non-repeatable levels by time:
       D: 686 daAuts
